 Dungeon Crawl Stone Soup version 0.23.2-33-g5129a83184 (webtiles) character file.

Game seed: 16110493742743779833

135 geeseburger the Skirmisher (level 5, 0/44 HPs)
             Began as a Formicid Abyssal Knight on July 26, 2019.
             Was a Priest of Lugonu.
             Succumbed to a gnoll's poison
             ... on level 3 of the Dungeon.
             The game lasted 00:05:50 (2056 turns).

geeseburger the Skirmisher (FoAK)                   Turns: 2056, Time: 00:05:51

Health: 0/44       AC:  6    Str: 16    XL:     5   Next: 41%
Magic:  6/6        EV:  9    Int: 12    God:    Lugonu [***...]
Gold:   72         SH:  0    Dex: 11    Spells: 4/4 levels left

rFire    . . .     SeeInvis +   b - +0 short sword (venom)
rCold    . . .     Gourm    .   (no shield)
rNeg     . . .     Faith    .   e - +0 scale mail
rPois    .         Spirit   .   (helmet unavailable)
rElec    .         Reflect  .   (no cloak)
rCorr    .         Harm     .   (no gloves)
MR       .....                  (no boots)
Stlth    ..........             (no amulet)
HPRegen  0.14/turn              f - ring of wizardry
MPRegen  0.10/turn              (no ring)

@: lethally poisoned (0 -> -5)
A: permanent stasis, dig shafts and tunnels, four strong arms, antennae 3
a: Dig, Shaft Self, Depart the Abyss, Bend Space, Banish, Renounce Religion


You were on level 3 of the Dungeon.
You worshipped Lugonu.
Lugonu was most pleased with you.
You were not hungry.

You visited 1 branch of the dungeon, and saw 3 of its levels.
You visited the Abyss 1 time.

You collected 72 gold pieces.

Inventory:

Hand Weapons
 a - a +1 hand axe
 b - a +0 short sword of venom (weapon)
 g - a +3 short sword
Armour
 e - a +0 scale mail (worn)
Jewellery
 f - a ring of wizardry (left hand)
Potions
 d - 2 potions of brilliance
 h - a potion of degeneration {unknown}
 i - 2 potions of curing
 k - a potion of magic
 l - a potion of heal wounds
Comestibles
 c - a ration


   Skills:
 * Level 5.5 Fighting
 - Level 2.0 Axes
 + Level 3.6 Armour
 - Level 0.8 Dodging
 - Level 2.1 Invocations


You had 4 spell levels left.
You didn't know any spells.
Your spell library was empty.

Dungeon Overview and Level Annotations

Branches:
Dungeon (3/15)

Altars:
Uskayaw


Innate Abilities, Weirdness & Mutations

You cannot be hasted, slowed, berserked, paralysed or teleported.
You can dig through walls and to a lower floor.
Your four strong arms can wield two-handed weapons with a shield.
You have a pair of large antennae on your head. (SInv)


Message History

The gnoll is lightly wounded.
You feel sick. The gnoll barely misses you. x2
You closely miss the gnoll.
The gnoll is lightly wounded.
You feel sick. The gnoll hits you with a +0 spear.
* * * LOW HITPOINT WARNING * * *
The gnoll hits you but does no damage.
You barely miss the gnoll.
The gnoll is lightly wounded.
You feel sick. The gnoll closely misses you.
The gnoll hits you with a +0 spear.
* * * LOW HITPOINT WARNING * * *
The gnoll closely misses you.
You hit the gnoll but do no damage.
The gnoll is poisoned.
The gnoll is lightly wounded.
You feel sick. The gnoll hits you with a +0 spear!
* * * LOW HITPOINT WARNING * * *
You hit the gnoll.
The gnoll is moderately wounded.
You die...

##......# #....#.# ..
#.##.#.# #...##.#
#.##.#.#######.?.....#
#...........##..#....#
####.##.......!.#. .#
#.##.....$####
#.##.........#
#.##.....#.).#
#.########g@.# #.#
#.g.....# #.#
#.......# #.......#
#.......# ..#####.#
... .# .#. #


You could see 2 gnolls.

Vanquished Creatures
  Robin (D:2)
  A gnoll (D:3)
  3 adders (D:2)
  A worm (D:2)
  2 dart slugs
  2 leopard geckos (D:1)
  An orc (D:3)
  5 bats
  5 giant cockroaches
  11 goblins
  12 hobgoblins
  2 jackals (D:3)
  2 quokkas
  4 frilled lizards
  7 kobolds
  18 rats
77 creatures vanquished.

Notes
Turn   | Place    | Note
-------+----------+-------------------------------------------
     0 | Abyss:1  | geeseburger the Formicid Abyssal Knight began the quest for
                  | the Orb.
     0 | Abyss:1  | Reached XP level 1. HP: 18/18 MP: 2/2
    38 | Abyss:1  | Noticed a hellion
    42 | Abyss:1  | Noticed a large abomination
    45 | D:1      | Escaped the Abyss
   113 | D:1      | Reached * piety under Lugonu
   248 | D:1      | Reached XP level 2. HP: 25/25 MP: 3/3
   511 | D:1      | Reached skill level 4 in Fighting
   558 | D:1      | Reached XP level 3. HP: 28/30 MP: 4/4
  1091 | D:2      | Reached XP level 4. HP: 36/38 MP: 5/5
  1189 | D:2      | Reached ** piety under Lugonu
  1223 | D:2      | Noticed Robin
  1241 | D:2      | Killed Robin
  1241 | D:2      | Reached skill level 5 in Fighting
  1496 | D:2      | Found a faded altar of an unknown god.
  1533 | D:2      | Found a hide-covered altar of Uskayaw.
  1571 | D:2      | Reached XP level 5. HP: 43/44 MP: 6/6
  2049 | D:3      | Reached *** piety under Lugonu
  2055 | D:3      | HP: 1/44 [gnoll/+0 spear (7)]
  2056 | D:3      | Succumbed to a gnoll's poison

Skill      XL: |  1  2  3  4 |
---------------+-------------+-----
Fighting       | 4 5 |  5.5
Armour         | 3 |  3.6
Axes           | |  2.0
Dodging        | |  0.8
Invocations    | |  2.1

Action                   |  1- 3 |  4- 6 || total
-------------------------+-------+-------++-------
Melee: Hand axe          |    21 |       ||    21
       Short sword       |    81 |   116 ||   197
Invok: Depart the Abyss  |     1 |       ||     1
  Use: Scroll            |     5 |     3 ||     8
       Potion            |       |     2 ||     2
  Eat: Ration            |     1 |     1 ||     2
Armor: Leather armour    |    29 |       ||    29
       Ring mail         |    17 |       ||    17
       Scale mail        |     2 |    50 ||    52
Dodge: Dodged            |    59 |    47 ||   106
